Map: Emerald City LE

Players

chichovuna - Winner!

  • Race: Protoss Protoss
  • League: Diamond
  • Spawn Location: 5:00

HankoBrat - Winner!

  • Race: Terran Terran
  • League: Platinum
  • Spawn Location: 5:00

qqq

  • Race: Zerg Zerg
  • Spawn Location: 11:00

Massa

  • Race: Terran Terran
  • League: Platinum
  • Spawn Location: 11:00

VOD

Have the link to the VOD?

Description

Time

  • Played on: March 6, 2021, 9:13 a.m.
  • Length: 14:52
Show
View Real Time Build Order
Export as new Build Order

chichovuna Protoss - Winner!

Build Orders: 1 Gate Expand 

Get SALT Encoding   

  12  0:00  Probe  
  13  0:12  Probe  
  14  0:18  Pylon  
  14  0:24  Probe  
  15  0:36  Probe  
  16  0:46  Gateway  
  16  0:47  Assimilator  
  16  0:49  Probe (Chrono Boost)  
  18  0:58  Probe (Chrono Boost)  
  18  1:03  Probe (Chrono Boost)  
  19  1:15  Probe  
  20  1:31  Nexus  
  20  1:32  Probe  
  21  1:45  Cybernetics Core  
  21  1:57  Pylon, Assimilator  
  21  2:07  Probe  
  22  2:18  Adept (Chrono Boost)  
  22  2:19  Probe  
  25  2:24  Warp Gate  
  25  2:31  Probe  
  25  2:33  Stargate  
  26  2:43  Probe  
  27  2:46  Probe  
  28  2:55  Probe  
  28  2:58  Probe  
  30  2:59  Shield Battery  
  30  3:01  Assimilator  
  30  3:03  Sentry  
  32  3:07  Probe  
  32  3:10  Probe  
  34  3:15  Void Ray (Chrono Boost)  
  35  3:20  Probe  
  35  3:22  Probe  
  40  3:32  Probe  
  41  3:38  Probe  
  42  3:44  Probe  
  43  3:50  Probe  
  43  3:56  Probe  
  43  4:02  Probe, Pylon  
  45  4:07  Pylon  
  45  4:08  Probe  
  46  4:20  Probe x2  
  52  4:27  Gateway, Twilight Council  
  52  4:29  Oracle  
  52  4:30  Gateway  
  51  4:31  Adept  
  51  4:32  Probe  
  51  4:34  Assimilator  
  51  4:35  Forge  
  54  4:41  Pylon  
  54  4:47  Probe  
  54  4:48  Probe  
  56  4:54  Gateway  
  56  4:56  Gateway  
  57  5:00  Probe x2  
  57  5:02  Gateway  
  58  5:12  Probe  
  59  5:20  Probe  
  60  5:24  Probe  
  61  5:31  Fleet Beacon  
  61  5:32  Probe  
  61  5:33  Nexus  
  61  5:35  Stargate  
  62  5:36  Pylon  
  62  5:41  Cybernetics Core  
  62  5:42  Probe  
  63  5:48  Protoss Shields Level 1 (Chrono Boost)  
  63  5:51  Probe  
  63  5:54  Probe  
  65  6:00  Photon Cannon  
  65  6:11  Stalker x2  
  67  6:36  Phoenix (Chrono Boost)  
  67  6:37  Protoss Air Weapons Level 1 (Chrono Boost)  
  73  6:41  Void Ray (Chrono Boost)  
  73  6:45  Stargate  
  73  6:47  Pylon  
  73  6:50  Probe x2  
  73  6:51  Pylon  
  75  6:56  Shield Battery  
  75  7:00  Photon Cannon  
  75  7:03  Pylon  
  75  7:04  Phoenix (Chrono Boost)  
  75  7:05  Assimilator  
  77  7:09  Anion Pulse-Crystals  
  77  7:18  Probe  
  77  7:19  Probe x2  
  77  7:20  Phoenix (Chrono Boost)  
  84  7:30  Probe  
  84  7:33  Phoenix (Chrono Boost)  
  84  7:34  Probe x2, Protoss Air Armor Level 1 (Chrono Boost)  
  84  7:35  Phoenix (Chrono Boost)  
  89  7:37  Assimilator  
  89  7:42  Photon Cannon  
  89  7:43  Probe  
  90  7:52  Probe x2, Photon Cannon  
  90  7:53  Pylon  
  90  7:55  Phoenix  
  90  7:57  Protoss Shields Level 2 (Chrono Boost)  
  94  8:05  Phoenix  
  96  8:11  Probe x3  
  99  8:14  Phoenix  
  101  8:23  Probe  
  101  8:26  Phoenix  
  104  8:30  Phoenix, Stalker  
  104  8:32  Stalker  
  110  8:39  Phoenix  
  111  8:49  Nexus, Void Ray  
  111  8:51  Phoenix  
  111  8:53  Pylon  
  117  8:58  Flux Vanes  
  117  9:23  Void Ray x2  
  115  9:26  Void Ray  
  117  9:32  Photon Cannon  
  117  9:34  Photon Cannon  
  117  9:35  Assimilator  
  117  9:36  Probe x3  
  124  9:46  Assimilator  
  124  9:48  Pylon  
  124  9:50  Photon Cannon  
  124  9:54  Shield Battery  
  124  9:56  Shield Battery  
  124  10:08  Void Ray x3  
  122  10:16  Probe x2  
  122  10:17  Probe x2  
  138  10:27  Stalker x5  
  138  10:28  Probe x2, Stalker  
  152  10:29  Probe x2  
  154  10:37  Templar Archives  
  154  10:51  Void Ray  
  146  11:11  Void Ray x2  
  127  11:28  Void Ray  
  115  11:37  Stargate  
  119  11:48  Void Ray x2  
  113  12:05  Void Ray  
  113  12:11  Stargate  
  117  12:21  Zealot  
  117  12:22  Zealot x5  
  129  12:24  Nexus  
  129  12:25  Charge, Void Ray  
  129  12:28  Pylon  
  133  12:37  Gateway  
  133  12:40  Gateway  
  133  12:41  Gateway  
  131  12:44  Gateway  
  131  12:46  Void Ray x2 (Chrono Boost)  
  131  12:47  Void Ray (Chrono Boost), Robotics Facility  
  131  12:49  Gateway  
  131  12:51  Gateway  
  139  13:16  Void Ray (Chrono Boost)  
  125  13:20  Void Ray (Chrono Boost)  
  125  13:23  Stalker x4  
  125  13:24  Stalker x2  
  125  13:26  Void Ray (Chrono Boost)  
  143  13:30  Void Ray (Chrono Boost)  
  141  13:46  Stalker x4  
  147  13:55  Zealot x2  
  147  13:56  Zealot x3  
Show
View Real Time Build Order
Export as new Build Order

HankoBrat Terran - Winner!

Build Orders:  

Get SALT Encoding   

  12  0:00  SCV  
  13  0:12  SCV  
  14  0:17  Supply Depot  
  14  0:24  SCV  
  15  0:39  SCV  
  15  0:40  Barracks  
  16  0:47  Refinery  
  16  0:51  SCV  
  17  1:03  SCV  
  18  1:15  SCV  
  19  1:27  SCV  
  19  1:29  Reaper  
  21  1:45  Command Center  
  20  1:50  Refinery  
  20  1:56  Orbital Command  
  20  2:17  Factory  
  20  2:21  Barracks  
  20  2:24  Barracks Reactor  
  20  2:31  SCV  
  21  2:41  Supply Depot  
  21  2:57  Orbital Command  
  20  3:01  Factory Tech Lab  
  20  3:07  Starport  
  20  3:10  Barracks Tech Lab  
  20  3:13  Marine  
  20  3:15  Marine  
  22  3:31  Marine, Stimpack  
  22  3:32  Marine  
  22  3:33  Marine  
  25  3:43  Orbital Command  
  25  3:44  SCV  
  26  3:53  Marine  
  26  3:54  Marine  
  28  3:59  SCV  
  28  4:02  Starport Reactor, Marine  
  30  4:12  SCV x2  
  30  4:16  Marine x2  
  34  4:19  Siege Tank  
  37  4:24  SCV  
  37  4:25  SCV  
  39  4:34  Marine x2  
  39  4:36  SCV  
  42  4:38  Medivac  
  42  4:39  Medivac  
  46  4:46  Supply Depot  
  46  4:49  Supply Depot  
  46  5:06  SCV x2  
  46  5:15  Marine x2  
  48  5:22  Marine  
  48  5:24  SCV  
  50  5:31  SCV  
  50  5:33  Marine x2, Supply Depot  
  53  5:37  Engineering Bay  
  53  5:38  Siege Tank, Engineering Bay, Combat Shield  
  53  5:40  SCV  
  57  5:43  Supply Depot  
  57  5:51  SCV  
  57  5:52  Marine x2  
  57  5:54  Refinery  
  57  5:55  Refinery  
  61  5:57  SCV, Command Center  
  61  6:04  SCV  
  62  6:08  Supply Depot  
  62  6:09  SCV  
  62  6:11  Terran Infantry Weapons Level 1  
  63  6:16  SCV, Missile Turret  
  64  6:23  SCV, Marine x3  
  68  6:28  SCV  
  52  6:48  Marine  
  52  6:49  SCV, Marine  
  52  6:52  Barracks  
  55  7:01  Missile Turret  
  55  7:02  SCV  
  55  7:03  SCV  
  57  7:15  SCV x2  
  59  7:21  Marine x2  
  61  7:25  Factory  
  61  7:27  SCV  
  62  7:33  Terran Infantry Armor Level 1  
  62  7:35  SCV, Armory  
  63  7:38  Planetary Fortress  
  63  7:39  SCV, Marine  
  63  7:40  Marine, Sensor Tower  
  63  7:43  Barracks Reactor  
  66  7:49  Siege Tank  
  66  7:50  Medivac x2  
  73  7:51  SCV  
  73  7:56  Missile Turret  
  73  7:58  SCV  
  75  7:59  Marine x2, Missile Turret  
  75  8:03  SCV  
  78  8:10  SCV  
  78  8:11  Concussive Shells  
  79  8:16  Marine  
  79  8:17  Factory Tech Lab, Marine x2  
  82  8:21  Siege Tank  
  82  8:22  Factory  
  82  8:23  SCV  
  82  8:26  Supply Depot  
  86  8:28  Refinery, SCV  
  86  8:29  Refinery  
  86  8:30  Terran Vehicle Weapons Level 1  
  87  8:34  Marauder  
  89  8:44  SCV  
  89  8:47  Smart Servos  
  90  8:51  SCV  
  90  8:52  SCV  
  92  8:56  SCV, Marauder  
  92  9:00  Supply Depot  
  95  9:03  SCV, Thor  
  95  9:04  Supply Depot, Siege Tank  
  105  9:10  Factory  
  105  9:14  Factory Tech Lab  
  105  9:20  Armory  
  105  9:25  SCV  
  105  9:29  SCV  
  105  9:30  SCV, Sensor Tower, Command Center  
  108  9:36  Supply Depot, Siege Tank  
  108  9:37  Siege Tank  
  114  9:45  Infernal Pre-Igniter  
  114  9:47  Hellion  
  116  9:55  Factory  
  116  9:59  Factory Reactor  
  116  10:01  SCV  
  116  10:02  SCV  
  118  10:08  Hellion, Siege Tank  
  118  10:10  SCV  
  124  10:16  Command Center  
  124  10:17  Missile Turret  
  124  10:18  SCV  
  124  10:19  Missile Turret  
  125  10:22  Missile Turret  
  125  10:23  Thor  
  131  10:30  Hellion  
  131  10:33  Terran Vehicle Weapons Level 2, Terran Vehicle And Ship Armor Level 1  
  133  10:39  Supply Depot  
  133  10:41  SCV, Siege Tank  
  137  10:43  Supply Depot  
  137  10:45  Supply Depot  
  122  11:18  Cyclone, Thor  
  122  11:19  Cyclone, Hellbat x3  
  138  11:40  Hellbat  
  130  11:50  Thor x2  
  136  12:22  Cyclone  
  133  12:23  Hellion x2, Hellbat  
  118  12:33  Cyclone, Thor  
  118  12:34  SCV x2  
  129  12:44  Hellion x2, Hellbat  
  135  12:54  Thor  
  141  13:01  SCV  
  144  13:06  Cyclone, Hellion, Hellbat x2  
  151  13:16  Thor  
  161  13:27  Hellion, Hellbat  
  161  13:30  Refinery  
  161  13:34  Refinery  
  161  13:37  Thor  
  161  13:38  Cyclone  
  167  13:58  Thor  
  173  14:08  Hellion x2, Hellbat  
  177  14:10  Cyclone  
  177  14:29  Hellion, Hellbat x2  
Show
View Real Time Build Order
Export as new Build Order

qqq Zerg 

Build Orders: Hatch First, Brood Lord Corruptor 

Get SALT Encoding   

  12  0:04  Drone  
  13  0:14  Drone  
  14  0:18  Overlord  
  14  0:47  Hatchery  
  13  0:52  Drone  
  13  0:55  Drone  
  15  0:57  Drone  
  16  1:06  Drone  
  16  1:11  Extractor  
  16  1:27  Drone x2  
  18  1:38  Spawning Pool  
  17  1:41  Drone  
  18  1:48  Drone  
  19  1:57  Drone  
  20  2:07  Extractor  
  20  2:08  Drone  
  20  2:09  Overlord  
  20  2:11  Drone  
  21  2:24  Queen  
  21  2:25  Queen  
  21  2:27  Metabolic Boost  
  25  2:31  Drone  
  25  2:33  Drone  
  25  2:36  Drone  
  28  2:38  Drone  
  29  2:44  Overlord  
  29  2:56  Drone x3  
  32  3:02  Roach Warren  
  32  3:04  Zergling x2  
  32  3:08  Zergling x2  
  32  3:12  Zergling x2  
  34  3:15  Zergling x2  
  35  3:23  Zergling x2  
  35  3:26  Zergling x2  
  37  3:35  Lair  
  37  3:37  Zergling x10  
  42  3:43  Zergling x4  
  42  3:45  Spore Crawler  
  42  3:48  Spore Crawler  
  42  3:51  Overlord  
  42  3:57  Zergling x2  
  42  3:58  Drone  
  43  4:16  Drone  
  43  4:17  Drone x3  
  44  4:36  Drone x3, Extractor, Spire  
  44  4:38  Drone  
  46  4:42  Drone x2, Hatchery  
  46  4:44  Drone  
  48  4:54  Drone  
  48  4:55  Drone x2  
  45  5:18  Drone x5  
  45  5:19  Drone  
  45  5:21  Extractor  
  46  5:22  Extractor  
  45  5:36  Drone x2, Infestation Pit  
  45  5:37  Drone x2, Overlord  
  45  5:38  Drone  
  45  5:39  Drone x2  
  51  5:54  Overlord x3  
  51  5:55  Overlord  
  51  5:57  Mutalisk  
  51  5:58  Mutalisk, Corruptor  
  51  5:59  Corruptor  
  59  6:16  Mutalisk, Corruptor  
  63  6:20  Spore Crawler x2  
  63  6:21  Drone x2  
  63  6:22  Spine Crawler  
  62  6:38  Mutalisk x2  
  67  6:40  Zergling x12  
  67  6:41  Drone, Zergling x2  
  67  6:42  Drone  
  75  6:50  Drone x3  
  78  6:54  Queen  
  78  7:00  Mutalisk, Corruptor  
  84  7:08  Mutalisk  
  86  7:12  Zerg Flyer Weapons Level 1  
  86  7:18  Drone x2, Overlord  
  86  7:20  Drone  
  89  7:25  Hive  
  89  7:35  Drone x5  
  94  7:37  Corruptor  
  94  7:41  Hatchery  
  94  7:43  Mutalisk  
  98  7:44  Drone x3  
  98  7:47  Extractor  
  98  7:49  Extractor  
  99  7:58  Drone x2, Overlord x2  
  99  7:59  Drone  
  99  8:03  Drone  
  99  8:04  Overlord  
  102  8:11  Spine Crawler  
  101  8:13  Drone x3, Spore Crawler  
  101  8:15  Corruptor  
  101  8:18  Corruptor  
  107  8:23  Mutalisk  
  107  8:24  Zergling x2  
  107  8:25  Zergling x2  
  107  8:26  Zergling x2  
  112  8:29  Drone  
  112  8:30  Drone  
  114  8:43  Overlord  
  114  8:44  Drone x2  
  114  8:45  Mutalisk x2, Corruptor  
  114  8:46  Mutalisk  
  124  8:51  Overlord x2  
  124  8:57  Spore Crawler  
  124  8:58  Drone, Corruptor  
  126  9:04  Viper  
  126  9:06  Drone, Zerg Flyer Armor Level 1  
  126  9:07  Drone x6  
  123  9:24  Corruptor x3  
  118  9:30  Corruptor  
  124  9:33  Drone x3  
  124  9:34  Drone, Spine Crawler, Overlord x2  
  124  9:35  Drone x3, Spore Crawler  
  129  9:39  Viper  
  132  9:48  Extractor x2  
  132  9:51  Drone  
  132  9:52  Spore Crawler, Viper  
  130  9:54  Drone x4  
  130  9:57  Zergling x4  
  139  10:13  Corruptor x3  
  139  10:36  Ultralisk Cavern  
  139  10:40  Evolution Chamber  
  139  10:41  Spire  
  136  10:45  Hatchery  
  136  10:46  Corruptor  
  136  10:47  Corruptor x2  
  139  11:04  Corruptor x4  
  121  11:22  Mutalisk x4  
  121  11:23  Zergling x8  
  121  11:24  Zergling x8  
  132  11:33  Viper  
  132  11:34  Zergling x2  
  132  11:35  Zergling x2  
  132  11:37  Queen  
  139  11:40  Greater Spire  
  127  11:55  Corruptor x3  
  127  11:56  Zergling x2  
  127  11:57  Zergling x10  
  139  12:03  Drone x2  
  139  12:04  Spine Crawler  
  140  12:12  Queen, Zerg Flyer Weapons Level 2  
  133  12:41  Zergling x2  
  133  12:42  Zergling x16  
  142  12:46  Drone x3  
  145  12:52  Brood Lord x6  
  157  13:00  Corruptor  
  144  13:13  Corruptor x3  
  142  13:38  Corruptor x3  
  133  13:48  Spine Crawler  
  120  13:49  Brood Lord  
  120  13:50  Spine Crawler  
  120  13:51  Zergling x8  
  120  13:52  Zergling x10  
  132  13:59  Extractor  
  132  14:00  Extractor  
  134  14:03  Ultralisk  
  134  14:05  Zergling x2  
Show
View Real Time Build Order
Export as new Build Order

Massa Terran 

Build Orders:  

Get SALT Encoding   

  12  0:00  SCV  
  13  0:12  SCV  
  14  0:23  Supply Depot  
  14  0:24  SCV  
  15  0:43  Refinery  
  15  0:45  SCV  
  15  0:47  Barracks  
  16  0:57  SCV  
  17  1:09  SCV  
  18  1:21  SCV  
  19  1:33  SCV  
  20  1:48  Command Center  
  20  1:55  Orbital Command  
  20  1:57  Reaper  
  20  2:00  Supply Depot  
  21  2:16  Factory  
  21  2:23  Supply Depot  
  21  2:24  SCV  
  21  2:29  Marine  
  23  2:36  SCV  
  24  2:49  SCV  
  24  3:03  Hellion  
  24  3:05  Orbital Command  
  26  3:07  Barracks Reactor, SCV  
  26  3:12  Engineering Bay  
  27  3:16  Refinery  
  27  3:17  Starport  
  27  3:19  SCV  
  27  3:58  Hellion, Marine x2  
  27  4:00  Starport Tech Lab  
  27  4:02  SCV x2  
  33  4:10  Missile Turret  
  33  4:12  Missile Turret  
  33  4:14  SCV, Terran Infantry Weapons Level 1, Missile Turret  
  33  4:16  Marine x2  
  36  4:18  Barracks  
  36  4:22  Barracks  
  36  4:25  Factory Tech Lab  
  39  4:32  Cloaking Field  
  39  4:33  Marine  
  39  4:34  Marine  
  38  4:39  Banshee  
  38  4:40  SCV x2  
  43  4:48  Missile Turret  
  43  4:50  Refinery  
  43  4:52  Widow Mine, SCV, Marine  
  46  4:53  SCV  
  46  4:54  Marine  
  47  5:18  Siege Tank  
  48  5:22  Barracks Tech Lab  
  48  5:23  Barracks Reactor  
  48  5:24  SCV  
  48  5:25  SCV  
  50  5:32  Refinery  
  50  5:37  SCV x2  
  50  5:38  Command Center  
  50  5:41  Supply Depot  
  52  5:47  Marine x2  
  54  6:02  Banshee  
  54  6:03  SCV x2, Cyclone  
  62  6:04  Supply Depot  
  60  6:24  SCV x2  
  59  6:27  Marauder, Marine x4  
  62  6:33  Terran Infantry Armor Level 1  
  62  6:36  SCV x2  
  63  6:45  Marine  
  64  6:49  Marauder  
  66  6:56  SCV x2  
  68  7:04  Raven  
  68  7:05  Siege Tank  
  68  7:06  Marine x3  
  68  7:07  Marine  
  68  7:08  SCV x2  
  79  7:10  Marauder  
  81  7:16  Missile Turret  
  81  7:18  Supply Depot  
  81  7:20  SCV, Missile Turret  
  81  7:22  Missile Turret  
  82  7:24  Marine x3  
  85  7:33  Planetary Fortress  
  85  7:40  SCV x2  
  87  7:46  Supply Depot  
  87  7:47  Supply Depot  
  87  7:54  Marine x2  
  87  7:57  Widow Mine, Medivac  
  93  8:07  Marine x3  
  93  8:09  Supply Depot  
  93  8:12  Marine, Supply Depot  
  97  8:13  Missile Turret  
  97  8:27  Medivac  
  99  8:40  SCV x3  
  99  8:43  Missile Turret  
  99  8:50  Armory  
  99  8:52  SCV  
  99  8:53  Stimpack  
  99  8:54  Engineering Bay  
  100  9:05  Barracks x2  
  100  9:08  Barracks  
  100  9:09  Barracks  
  100  9:14  Marine x2  
  100  9:15  Marine x3  
  105  9:32  Marine x3  
  108  9:38  Terran Infantry Armor Level 2, Terran Infantry Weapons Level 2  
  108  9:46  SCV x3  
  111  9:58  SCV x3  
  109  10:10  SCV  
  110  10:14  Command Center  
  110  10:15  Refinery  
  110  10:16  Refinery  
  110  10:24  Barracks Reactor, Barracks Tech Lab x2  
  110  10:25  Barracks Reactor, Marine  
  110  10:26  Marine x3  
  110  10:27  Marauder  
  116  10:39  Combat Shield  
  116  10:42  Terran Vehicle And Ship Armor Level 1  
  116  10:43  Marine x3, Concussive Shells  
  116  10:48  Marauder  
  87  11:13  Medivac  
  87  11:14  Marauder x3, Marine x8  
  87  11:16  Thor  
  89  11:22  SCV  
  89  11:23  SCV x2  
  88  11:35  SCV x3, Marauder  
  93  11:43  Medivac  
  85  11:47  SCV  
  89  11:54  Marauder x2, Marine  
  89  11:55  Marine x7  
  89  11:57  Marauder  
  89  11:59  Siege Tank  
  89  12:12  Marine  
  89  12:13  Marine x3  
  96  12:15  Marauder  
  96  12:16  Marauder  
  96  12:20  Marauder, Marine x2  
  96  12:21  Marine x2  
  92  12:27  Planetary Fortress  
  92  12:29  SCV x2  
  89  12:31  Marine x3  
  89  12:36  Marine  
  85  12:37  Marauder, Marine  
  85  12:38  Marine  
  85  12:41  SCV x2  
  85  12:42  Marauder  
  91  12:55  Factory Tech Lab, Marine  
  91  12:57  Starport Reactor  
  92  12:58  Barracks  
  92  13:00  Refinery  
  92  13:02  Refinery  
  92  13:03  Factory  
  92  13:04  Missile Turret  
  92  13:17  Barracks Tech Lab  
  92  13:42  Marauder  
  92  13:43  Marauder x3  
  92  13:44  Marine  
  101  13:51  Marine  
  101  13:52  Marine x2  
  101  13:53  Marine  
  101  13:55  Marine  
  101  14:02  Marine, Siege Tank  
  101  14:05  Marauder x2  
  101  14:06  Marauder  
  101  14:07  Marauder  
  101  14:09  Marine  
  96  14:10  Factory Tech Lab, Marine x2  
  96  14:11  Marine  
  96  14:13  Marine  
  92  14:19  Marine  
  93  14:26  Marauder x2  
  93  14:27  Marauder, Marine  
  93  14:28  Marauder, Marine x2  
  93  14:29  Marine  
  95  14:33  Marine  
  95  14:39  Supply Depot x2  
  95  14:41  Supply Depot  
  95  14:42  Supply Depot  
  95  14:43  Supply Depot  
  95  14:44  Supply Depot  
  95  14:45  Supply Depot  
  93  14:46  Supply Depot  
  93  14:48  Supply Depot  
Tags
 
Add a new tag
Caveats
  • Supply blocks, unpowered buildings, or Contaminate may cause inaccurate times.
  • Supply counts are checked every 10 seconds.